 Dungeon Crawl Stone Soup version 0.31-a0-1127-ge7b2bbabab (webtiles) character file.

Game seed: 18405605651841841044

7578 Jannitor the Fighter (level 10, -1/81 HPs)
             Began as a Mummy Delver on Dec 5, 2023.
             Was a Believer of Trog.
             Slain by a red draconian
             ... wielding a +0 halberd of flaming
              (5 damage)
             ... in a volcano.
             The game lasted 00:14:32 (7171 turns).

Jannitor the Fighter (Mummy Delver)                 Turns: 7171, Time: 00:14:32

Health: -1/81      AC: 15    Str: 20    XL:     10   Next: 97%
Magic:  10/10      EV:  8    Int: 10    God:    Trog [**....]
Gold:   528        SH:  0    Dex: 13    Spells: 9/9 levels left

rFire   x . .        G - +2 morningstar (heavy)
rCold   + + .        (no shield)
rNeg    + + +        y - +0 plate armour {rC+}
rPois   ∞            j - +0 helmet
rElec   .            (no cloak)
rCorr   .            (no gloves)
SInv    +            v - +0 pair of boots
Will    ++++.        m - amulet of regeneration
Stlth   x              - ring of see invisible
HPRegen 2.13/turn    A - ring of willpower
MPRegen 0.12/turn

%: faith
@: strong-willed, regenerating
A: cold resistance 1, negative energy resistance 3, torment resistance 2, heat
vulnerability 1, in touch with death 1, no potions, faith
a: Renounce Religion, Trog's Hand


You were in a volcano.
You worshipped Trog.
Trog was pleased with you.
You visited 2 branches of the dungeon, and saw 10 of its levels.
You also visited: Volcano.

You collected 528 gold pieces.

Inventory:

Hand Weapons
 a - a +0 mace
 n - a +2 hand axe of freezing
 q - a +5 hand axe of electrocution
 s - a +0 morningstar
 G - a +2 heavy morningstar (weapon)
Missiles
 u - 3 throwing nets
Armour
 b - a +0 leather armour
 e - an orb of mayhem
 h - a +1 troll leather armour
 j - a +0 helmet (worn)
 v - a +0 pair of boots (worn)
 y - a +0 plate armour of cold resistance (worn)
Jewellery
 m - an amulet of regeneration (around neck)
 o - a ring of magical power
 x - a ring of see invisible (left hand)
 z - a +6 ring of intelligence
 A - a ring of willpower (right hand)
 C - a ring of protection from fire
Wands
 f - a wand of digging (3)
 i - a wand of flame (18)
 p - a wand of mindburst (21)
 r - a wand of polymorph (8)
Scrolls
 c - 2 scrolls of fog
 d - 3 scrolls of revelation
 g - a scroll of identify
 l - 3 scrolls of noise
 t - a scroll of teleportation
 D - a scroll of enchant armour
 E - a scroll of silence
 F - a scroll of blinking


   Skills:
 + Level 8.3 Fighting
 - Level 5.4(5.9) Axes
 + Level 3.3(4.8) Maces & Flails
 + Level 6.2 Armour
 + Level 6.6 Dodging
 - Level 4.1 Stealth
 + Level 6.0 Evocations


You had 9 spell levels left.
You didn't know any spells.
Your spell library contained the following spells:

 Spells                   Type           Power      Damage    Failure   Level
 Petrify                  Tmut/Erth      0%         N/A       100%        4
 Irradiate                Conj/Tmut      0%         3d11      100%        5
 Sublimation of Blood     Necr           Unusable   N/A       N/A         2

Dungeon Overview and Level Annotations

Branches:
Dungeon (9/15)             Temple (0/1) D:4            Lair (1/5) D:8
Volcano (1/1)
    Orc: D:9-12

Altars:
Gozag
Trog

Annotations:
D:2 1 runed translucent door, Crazy Yiuf
D:7 exclusion: door
D:8 Gastronok Volcano exclusions: door and obsidian statue


Innate Abilities, Weirdness & Mutations

You are immune to poison.
Your flesh is cold resistant. (rC+)
You are immune to negative energy. (rN+++)
You are immune to unholy pain and torment.
You are vulnerable to heat. (rF-)
You are in touch with the powers of death.
You do not drink.
You have a special connection with the divine. (Faith)


Message History

Press: ? - help, Shift-Dir - straight line, f/p - red draconian
Aim: a red draconian, wielding a +0 halberd of flaming and wearing a +0 cloak (chance to affect: 47%)
The red draconian resists with some effort.
The now-empty wand crumbles to dust.
Aiming: Dig
Press: ? - help, Shift-Dir - straight line, f - you, p - red draconian Please select a direction to dig.
Okay, then.
Unknown command.
Aiming: Mindburst
Press: ? - help, Shift-Dir - straight line, f/p - red draconian
Aim: a red draconian, wielding a +0 halberd of flaming and wearing a +0 cloak (chance to affect: 71%)
The red draconian struggles to resist.
The red draconian breathes fire at you. The searing blast misses you.
Aiming: Mindburst
Press: ? - help, Shift-Dir - straight line, f/p - red draconian
Aim: a red draconian, wielding a +0 halberd of flaming and wearing a +0 cloak (catching its breath, chance to affect: 71%)
The red draconian's mind is blasted!!
The red draconian hits you from afar with a +0 halberd of flaming!
The red draconian burns you!
* * * LOW HITPOINT WARNING * * *
Your skin crawls.
You feel strong-willed.
The red draconian hits you from afar with a +0 halberd of flaming!
* * * LOW HITPOINT WARNING * * *
The red draconian burns you.
* * * LOW HITPOINT WARNING * * *
Unknown command.
As you read the scroll of summoning, it crumbles to dust.
Wisps of shadow whirl around you...
The red draconian hits you from afar with a +0 halberd of flaming.
* * * LOW HITPOINT WARNING * * *
The red draconian burns you.
* * * LOW HITPOINT WARNING * * *
Unknown command.
You open the door.
Your hell hound bites the red draconian.
The red draconian hits you from afar with a +0 halberd of flaming.
You die...

# N# ##.8# ##########
#####)..# ##.#......#
#≈≈≈.#### ####......§...
####)≈☼☼#####8......≈≈§≈≈.
#≈≈≈d####h'........§≈§§≈≈≈
####.≈≈≈#@###8.....≈§§≈≈≈§
#☼☼°°####h# ###...≈≈≈≈≈≈≈≈
####°○☼☼#d# #...§§§≈≈≈≈≈
#○○≈°####.# ..§§§≈≈§≈≈≈≈
####.≈≈○#.# ...≈≈§≈§≈≈≈≈≈
#°≈≈.####.# ...≈≈§§≈§§≈≈≈≈
#####.##..# ≈≈≈≈§§§ ≈≈≈
#8....## ≈ ####### ≈


You could see a red draconian (catching breath, ally target) and 2 friendly hell
hounds.

Vanquished Creatures
  A salamander mystic (Volcano)
  Pikel (D:7)
  A salamander (Volcano)
  Maggie (D:8)
  3 kobold demonologists
  Prince Ribbit (D:8)
  6 fire bats (Volcano)
  5 wyverns
  A steam dragon (D:8)
  3 water moccasins
  3 black bears (D:8)
  2 orc warriors
  An ice beast (D:7)
  3 sky beasts
  An ogre (D:5)
  A wolf (D:7)
  2 phantoms
  3 kobold brigands
  A bullfrog (D:8)
  2 gnoll sergeants
  4 scorpions
  3 killer bees (D:7)
  A howler monkey (D:6)
  6 lava snakes (Volcano)
  3 hounds
  3 jellies (D:5)
  A gnoll bouda (D:8)
  6 orc priests
  2 iguanas (D:5)
  2 sleepcaps (D:4)
  2 orc wizards
  Robin (D:2)
  8 adders
  11 gnolls
  3 shadow imps (D:5)
  2 white imps (D:6)
  2 worms (D:4)
  2 dart slugs (D:5)
  29 orcs
  9 ball pythons
  7 endoplasms
  2 giant cockroaches
  14 goblins
  7 hobgoblins
  2 jackals (D:3)
  4 quokkas
  4 bats
  3 frilled lizards
  12 kobolds
  7 rats
204 creatures vanquished.

Notes
Turn   | Place    | Note
-------+----------+-------------------------------------------
     0 | D:5      | Jannitor the Mummy Delver began the quest for the Orb.
     0 | D:5      | Reached XP level 1. HP: 18/18 MP: 1/1
    39 | D:4      | Noticed a sleepcap
    68 | D:5      | Noticed a scorpion
    76 | D:5      | Noticed an ogre
    77 | D:5      | Noticed a hound
   135 | D:4      | Noticed a kobold brigand
   266 | D:2      | Reached XP level 2. HP: 24/24 MP: 2/2
   365 | D:1      | Found a faded altar of an unknown god.
   593 | D:1      | Reached XP level 3. HP: 29/29 MP: 3/3
  1162 | D:2      | Noticed Robin
  1167 | D:2      | Reached skill level 1 in Armour
  1193 | D:2      | Killed Robin
  1194 | D:2      | Reached XP level 4. HP: 35/35 MP: 4/4
  1225 | D:2      | Found a runed translucent door.
  1226 | D:2      | Noticed Crazy Yiuf
  1430 | D:2      | Identified the +3 war axe of Disarray {drain, Int+3}
  2352 | D:4      | Reached XP level 5. HP: 42/42 MP: 5/5
  2403 | D:4      | Reached skill level 1 in Evocations
  2408 | D:4      | Reached skill level 4 in Fighting
  2408 | D:4      | Reached skill level 1 in Axes
  2545 | D:4      | Found a staircase to the Ecumenical Temple.
  2731 | D:4      | Reached XP level 6. HP: 45/48 MP: 6/6
  3392 | D:5      | Reached XP level 7. HP: 54/55 MP: 7/7
  3499 | D:5      | Noticed a kobold demonologist
  3501 | D:5      | Noticed an ice devil
  3524 | D:4      | Killed a kobold demonologist
  3525 | D:4      | Reached skill level 5 in Fighting
  3556 | D:5      | Reached XP level 8. HP: 55/62 MP: 8/8
  3583 | D:5      | Noticed a kobold demonologist
  3629 | D:5      | Killed a kobold demonologist
  3678 | D:5      | Noticed a kobold demonologist
  3682 | D:5      | Noticed a sixfirhy
  3748 | D:4      | Killed a kobold demonologist
  3765 | D:5      | Reached skill level 6 in Fighting
  3829 | D:5      | Found a bloodstained altar of Trog.
  3853 | D:5      | Became a worshipper of Trog the Wrathful
  4063 | D:6      | Found an opulent altar of Gozag.
  4289 | D:6      | Reached XP level 9. HP: 69/69 MP: 9/9
  4751 | D:7      | Reached skill level 5 in Dodging
  4831 | D:7      | Noticed Pikel
  4857 | D:7      | Killed Pikel
  4869 | D:7      | Reached * piety under Trog
  5079 | D:7      | Reached skill level 7 in Fighting
  5174 | D:7      | Reached skill level 5 in Armour
  5354 | D:8      | Noticed Gastronok
  5554 | D:7      | Reached skill level 5 in Evocations
  5558 | D:7      | Reached XP level 10. HP: 47/79 MP: 10/10
  5564 | D:7      | Reached skill level 5 in Axes
  5671 | D:8      | Found a staircase to the Lair.
  5802 | D:8      | Reached ** piety under Trog
  6125 | D:8      | Noticed Prince Ribbit
  6139 | D:8      | Killed Prince Ribbit
  6240 | D:8      | Noticed Maggie
  6245 | D:8      | Killed Maggie
  6772 | D:9      | Noticed a brown ugly thing
  6772 | D:9      | Noticed a deep elf pyromancer
  6801 | Lair:1   | Entered Level 1 of the Lair of Beasts
  6824 | Lair:1   | Found a dark tunnel.
  6832 | Volcano  | Entered a volcano
  6893 | Volcano  | Reached skill level 8 in Fighting
  7137 | Volcano  | Noticed a salamander
  7137 | Volcano  | Noticed an obsidian statue
  7143 | Volcano  | Killed a salamander
  7143 | Volcano  | Noticed a salamander mystic
  7146 | Volcano  | Killed a salamander mystic
  7149 | Volcano  | Noticed a red draconian
  7170 | Volcano  | HP: 2/81 [red draconian/+0 halberd of flaming (4)]
  7171 | Volcano  | Slain by a red draconian

Illustrated notes

Levels and vault maps discovered:
D:1:      mrwooster_arrival_statue, layout_basic, basic_ecumenical_altar
D:2:      layout_basic, minmay_heptomino_l4, uniq_robin, uniq_crazy_yiuf_cottage
D:3:      layout_rooms, minmay_hedge_maze
D:4:      layout_gridville, minmay_temple_entry_sparse_star
D:5:      minmay_octagon_keep, layout_loops_ring, mainiacjoe_overflow_alcove_2,
          amcnicky_mini_pool_small
D:6:      layout_rooms, nicolae_gozag_cash_rules_everything_around_me
D:7:      layout_basic, minivault_22, uniq_pikel
D:8:      layout_basic, minmay_lair_entry_grove, minmay_puff, uniq_maggie,
          uniq_prince_ribbit1, uniq_gastronok
D:9:      minmay_sliced_demisemicircle, layout_loops_ring,
          nzn_wu_jian_contemplation, mainiacjoe_overflow_catch_the_wave
Lair:1:   layout_chaotic_city, enter_volcano_2, grunt_forest_large_clearing_hut,
          uniq_erica, uniq_sonja, uniq_joseph
Volcano:  volcano_grotto [vgs_trial_by_fire]

Skill      XL: |  1  2  3  4  5  6  7  8  9 10 |
---------------+-------------------------------+-----
Maces & Flails | 2 3 |  3.3
Dodging        | 2 3 4 5 6 |  6.6
Armour         | 1 2 3 4 5 6 |  6.2
Evocations     | 1 2 3 5 6 |  6.0
Fighting       | 4 5 6 7 8 |  8.3
Axes           | 1 2 3 4 5 |  5.4
Stealth        | |  4.1

Action                     |  1- 3 |  4- 6 |  7- 9 | 10-12 || total
---------------------------+-------+-------+-------+-------++-------
  Melee: Mace              |   105 |       |       |       ||   105
         Hand axe          |    22 |   134 |   300 |    58 ||   514
         Punch             |     1 |     1 |     1 |       ||     3
         Morningstar       |       |       |       |    31 ||    31
 Invoke: Trog's Hand       |       |       |       |     1 ||     1
  Evoke: Wand              |       |       |     2 |    25 ||    27
    Use: Scroll            |     1 |       |     6 |     5 ||    12
   Stab: Sleeping          |     6 |     4 |     2 |       ||    12
         Distracted        |       |       |     2 |       ||     2
 Armour: Troll leather arm |   117 |    86 |   188 |       ||   391
         Plate armour      |       |       |    70 |   155 ||   225
  Dodge: Dodged            |    96 |    80 |   193 |    60 ||   429

Table legend: (Time is in decaauts)
 A = Elapsed time spent in this place.
 B = Non-inter-level travel time spent in this place.
 C = Inter-level travel time spent in this place.
 D = Time resting spent in this place.
 E = Time spent auto-exploring this place.
 F = Levels seen in this place.
 G = Mean time per level.
                   A        B        C        D        E       F      G
               +--------+--------+--------+--------+--------+-----+--------+
         Total |   7305 |   6945 |    360 |    462 |   4500 |  11 |  664.1 |
       Dungeon |   6919 |   6559 |    360 |    341 |   4426 |   9 |  768.8 |
          Lair |     30 |     30 |      0 |      0 |     19 |   1 |   30.0 |
       Volcano |    355 |    355 |      0 |    121 |     55 |   1 |  355.0 |
               +--------+--------+--------+--------+--------+-----+--------+

Top non-repeatable levels by time:
     D:8: 1149 daAuts
     D:7: 1103 daAuts
     D:5: 1054 daAuts
     D:2: 1024 daAuts
     D:4: 990 daAuts
     D:1: 611 daAuts
     D:3: 566 daAuts
     D:6: 389 daAuts
 Volcano: 355 daAuts
  Lair:1: 30 daAuts
     D:9: 29 daAuts
